 Dungeon Crawl Stone Soup version 0.28-a0-851-g8b9cc49659 (webtiles) character file.

Game seed: 364608141225846842

1653 siradein the Ruffian (level 9, -31/78 HPs)
             Began as a Ghoul Monk on Nov 15, 2021.
             Was a Believer of Wu Jian.
             Annihilated by a boulder beetle (42 damage)
             ... on level 7 of the Dungeon.
             The game lasted 00:16:58 (6366 turns).

siradein the Ruffian (Ghoul Monk)                   Turns: 6366, Time: 00:16:58

Health: -31/78     AC: 10    Str: 16    XL:     9   Next: 0%
Magic:  8/8        EV: 13    Int:  5    God:    Wu Jian [**....]
Gold:   387        SH:  0    Dex: 13    Spells: 8/8 levels left

rFire   . . .      SeeInvis +     - Unarmed
rCold   + . .      Faith    +   (no shield)
rNeg    + + +      Spirit   .   s - +3 leather armour of Amelioration {Will+}
rPois   ∞          Reflect  .   (no helmet)
rElec   .          Harm     .   f - +0 cloak
rCorr   .          Rampage  .   (no gloves)
Will    ++...                   h - +2 pair of boots
Stlth   +++.......              d - amulet of faith
HPRegen 0.00/turn               c - ring of see invisible
MPRegen 0.11/turn               x - ring of willpower

@: inhibited regen
A: claws 1, cold resistance 1, negative energy resistance 3, inhibited
regeneration, torment resistance 2
a: Renounce Religion, Wall Jump


You were on level 7 of the Dungeon.
You worshipped Wu Jian.
Wu Jian was pleased with you.
You visited 2 branches of the dungeon, and saw 9 of its levels.
You also visited: Sewer.

You collected 387 gold pieces.

Inventory:

Missiles
 m - 15 atropa-tipped darts (quivered)
 r - 162 stones
 w - 5 poisoned darts
Armour
 f - a +0 cloak (worn)
 h - a +2 pair of boots (worn)
 s - the +3 leather armour of Amelioration (worn) {Will+}
   (You found it on level 4 of the Dungeon)

   Will:      It increases your willpower.
Jewellery
 c - a ring of see invisible (left claw)
 d - an amulet of faith (around neck)
 p - an amulet of reflection
 x - a ring of willpower (right claw)
 y - a ring of willpower
Wands
 n - a wand of iceblast (7)
 o - a wand of mindburst (11)
Scrolls
 i - 2 scrolls of fog {unknown}
 j - 3 scrolls of noise {unknown}
 k - a scroll of identify {unknown}
 l - a scroll of fear {unknown}
 q - a scroll of magic mapping {unknown}
 t - a scroll of teleportation {unknown}
 u - a scroll of immolation {unknown}
 z - a scroll of enchant armour {unknown}
Potions
 a - 4 potions of might {unknown}
 b - a potion of degeneration {unknown}
 e - 3 potions of curing {unknown}
 g - a potion of haste {unknown}
 v - a potion of heal wounds {unknown}


   Skills:
 + Level 6.7 Fighting
 + Level 2.0 Armour
 + Level 5.5 Dodging
 + Level 6.6 Stealth
 + Level 6.8 Unarmed Combat


You had 8 spell levels left.
You didn't know any spells.
Your spell library contained the following spells:

 Spells                   Type           Power      Damage    Failure   Level
 Animate Skeleton         Necr           0%         N/A       54%         1
 Ensorcelled Hibernation  Hex/Ice        0%         N/A       69%         2
 Ignite Poison            Fire/Tmut/Pois 0%         N/A       89%         3
 Mephitic Cloud           Conj/Pois/Air  0%         N/A       89%         3
 Tukima's Dance           Hex            0%         N/A       89%         3
 Freezing Cloud           Conj/Ice/Air   0%         6-21      100%        5
 Summon Forest            Summ/Tloc      0%         N/A       100%        5
 Summon Mana Viper        Hex/Summ       0%         N/A       100%        5
 Summon Cactus Giant      Summ           0%         N/A       100%        6


Dungeon Overview and Level Annotations

Branches:
Dungeon (8/15)             Temple (1/1) D:7           Sewer (visited)
   Lair: D:8-11

Altars:
Ashenzari
Cheibriados
Dithmenos
Elyvilon
Gozag
Kikubaaqudgha
Nemelex Xobeh
Okawaru
Qazlal
Ru
Sif Muna
Trog
Uskayaw
Vehumet
Wu Jian
Xom
Yredelemnul
The Shining One

Annotations:
D:8 3 runed translucent doors, AttackTheMoon's ghost, novice NaMo; Maurice


Innate Abilities, Weirdness & Mutations

You thrive by killing the living.
You are immune to poison.
You have sharp fingernails.
Your flesh is cold resistant. (rC+)
You are immune to negative energy. (rN+++)
You do not regenerate when monsters are visible.
You are immune to unholy pain and torment.


Message History

The bullfrog barely misses you.
The bullfrog hits you but does no damage.
The wight hits you from afar with a +2 trident.
The bullfrog completely misses you. The bullfrog hits you.
The bullfrog hits you but does no damage.
The bullfrog hits you.
The bullfrog hits you but does no damage.
A boulder beetle comes into view.
The boulder beetle curls into a ball and begins rolling!
The bullfrog hits you but does no damage.
The bullfrog barely misses you.
Found a stone staircase leading down.
You spin and attack the bullfrog.
You claw the bullfrog!
The bullfrog is moderately wounded.
You spin and attack the boulder beetle.
You scratch the boulder beetle but do no damage.
The boulder beetle hits you!!!
Ouch! That really hurt!
* * * LOW HITPOINT WARNING * * *
The boulder beetle stops rolling and uncurls.
The bullfrog hits you.
* * * LOW HITPOINT WARNING * * *
The wight hits you from afar with a +2 trident.
* * * LOW HITPOINT WARNING * * *
There is a stone staircase leading up here.
The bullfrog hits you but does no damage.
The boulder beetle bites you but does no damage.
The wight misses you. The bullfrog misses you.
You climb upwards.
There is a stone staircase leading down here.
You spin and attack the bullfrog.
You scratch the bullfrog.
The bullfrog is heavily wounded.
The boulder beetle curls into a ball and begins rolling!
The bullfrog hits you but does no damage.
You spin and attack the bullfrog.
You miss the bullfrog.
The bullfrog is heavily wounded.
The bullfrog closely misses you. The boulder beetle hits you!!!
Ouch! That really hurt!
You die...

#.................<......
#...........#####........
#......†......# #.#####.#
#..........##.###.#####.#
#####.#######............
#.#########...#)..<..
#.#..>.......)#.>....
#.#..F○...##.<..)..##
###.#.@B..#......#...#
###...#..............#.#
##...###................##
#....# #..................
#.##.###..................
#.#.....................#.
#....§..........#....##...
#...§>§.........##...#####
###.§...................##


You could see a boulder beetle (rolling) and a bullfrog.

Vanquished Creatures
  A water moccasin (Sewer)
  2 black bears
  An ogre (D:4)
  2 centaurs
  A phantom (D:6)
  A kobold brigand (D:6)
  A bullfrog (D:7)
  A gnoll sergeant (D:6)
  A centaur zombie (D:7)
  A gnoll shaman (D:6)
  4 hounds
  4 orc priests
  A jelly (D:5)
  A bullfrog skeleton (D:7)
  A centaur skeleton (D:7)
  2 iguanas
  4 orc wizards
  2 hound skeletons
  11 adders
  8 gnolls
  A howler monkey skeleton (D:5)
  A white imp (D:5)
  An ufetubus (D:6)
  2 worms
  A dart slug (D:4)
  11 orcs
  6 endoplasms
  6 giant cockroaches
  7 goblins
  8 hobgoblins
  12 kobolds
  8 quokkas
  7 ball pythons
  14 bats
  A frilled lizard (D:1)
  5 rats
141 creatures vanquished.

Notes
Turn   | Place    | Note
-------+----------+-------------------------------------------
     0 | D:1      | siradein the Ghoul Monk began the quest for the Orb.
     0 | D:1      | Reached XP level 1. HP: 19/19 MP: 0/0
   311 | D:1      | Reached XP level 2. HP: 25/26 MP: 1/1
   808 | D:2      | Reached XP level 3. HP: 29/31 MP: 2/2
   912 | D:2      | Found a snail-covered altar of Cheibriados.
  1031 | D:2      | Reached XP level 4. HP: 38/40 MP: 3/3
  1431 | D:3      | Found a faded altar of an unknown god.
  1443 | D:3      | Got Plato's Almanac of Necromancy
  2133 | D:4      | Reached XP level 5. HP: 15/46 MP: 4/4
  2415 | D:4      | Noticed a black bear
  2530 | D:4      | Reached XP level 6. HP: 53/53 MP: 5/5
  2712 | D:4      | Found a glowing drain.
  2716 | Sewer    | Entered a sewer
  2794 | Sewer    | Noticed a water moccasin
  2803 | Sewer    | Killed a water moccasin
  2804 | Sewer    | Reached skill level 5 in Fighting
  2804 | Sewer    | Reached skill level 5 in Unarmed Combat
  2804 | Sewer    | Reached XP level 7. HP: 49/61 MP: 6/6
  3434 | D:4      | Identified the +3 leather armour of Amelioration {Will+}
  3465 | D:4      | Reached skill level 5 in Stealth
  3624 | D:5      | Entered Level 5 of the Dungeon
  4001 | D:5      | Reached XP level 8. HP: 57/70 MP: 7/7
  4417 | D:6      | Identified the +8 chain mail of Sophism {rN++ Will- Regen+}
  4806 | D:6      | Reached skill level 5 in Dodging
  5233 | D:6      | Reached skill level 1 in Armour
  5650 | D:7      | Found a staircase to the Ecumenical Temple.
  5658 | Temple   | Entered the Ecumenical Temple
  5897 | Temple   | Became a worshipper of the Wu Jian Council
  5897 | Temple   | Reached * piety under Wu Jian
  5897 | Temple   | Reached ** piety under Wu Jian
  6255 | D:8      | Reached XP level 9. HP: 74/78 MP: 8/8
  6290 | D:8      | Found a runed translucent gate.
  6290 | D:8      | Found a runed translucent gate.
  6290 | D:8      | Noticed AttackTheMoon's ghost (novice NaMo)
  6291 | D:8      | Found a runed translucent gate.
  6358 | D:8      | Noticed a boulder beetle
  6363 | D:8      | Noticed Maurice
  6366 | D:7      | Annihilated by a boulder beetle

Illustrated notes

Levels and vault maps discovered:
D:1:      denvon_arrival_waterhouse, layout_rooms
D:2:      layout_loops_cross, minmay_hexomino_r4
D:3:      layout_basic, shapermc_ecumenical_altar_rom_forum,
          chequers_serial_rivers_large_a, serial_bayou_pond_e
D:4:      layout_basic, gup_sewer_entry_spiral, chequers_serial_rivers_micro_c
D:5:      layout_basic
D:6:      layout_rooms, palyth_stone_intersect
D:7:      layout_rooms, minmay_temple_entry_purple_smoke,
          minmay_misc_feat_encased
D:8:      minmay_the_grid_octo_tiled_squarecenter
          [minmay_the_grid_octo_checkerflower, minmay_the_grid_octo_clover_2,
          minmay_the_grid_octo_fan_narrow, minmay_the_grid_octo_thin_diamonds,
          minmay_the_grid_square_5x5_megaprize_hollow,
          minmay_the_grid_square_5x5_spiral_small,
          minmay_the_grid_square_5x5_three, minmay_the_grid_square_5x5_moneybag,
          minmay_the_grid_square_5x5_longway], layout_rooms,
          gammafunk_ghost_ooze, uniq_maurice, uniq_erica
Temple:   hc_temple_tempest_star

Skill      XL: |  1  2  3  4  5  6  7  8 |
---------------+-------------------------+-----
Dodging        | 3 4 5 |  5.5
Stealth        | 3 4 5 6 |  6.6
Unarmed Combat | 4 5 6 |  6.8
Fighting       | 4 5 6 |  6.7
Armour         | 2 |  2.0

Action                   |  1- 3 |  4- 6 |  7- 9 || total
-------------------------+-------+-------+-------++-------
Melee: Unarmed           |    74 |   230 |   291 ||   595
       Punch             |     1 |     3 |    10 ||    14
Throw: Dart              |       |       |     2 ||     2
Invok: Whirlwind         |       |       |    14 ||    14
       Lunge             |       |       |     5 ||     5
 Stab: Sleeping          |     3 |     5 |     6 ||    14
       Invisible         |       |       |     1 ||     1
Armor: Robe              |    16 |    22 |       ||    38
       Leather armour    |       |    74 |    71 ||   145
       Chain mail        |       |       |    96 ||    96
Dodge: Dodged            |    53 |   125 |   176 ||   354

Table legend: (Time is in decaauts)
 A = Elapsed time spent in this place.
 B = Non-inter-level travel time spent in this place.
 C = Inter-level travel time spent in this place.
 D = Time resting spent in this place.
 E = Time spent auto-exploring this place.
 F = Levels seen in this place.
 G = Mean time per level.
                   A        B        C        D        E       F      G
               +--------+--------+--------+--------+--------+-----+--------+
         Total |   6374 |   6094 |    280 |    675 |   3845 |  10 |  637.4 |
       Dungeon |   5924 |   5664 |    260 |    675 |   3526 |   8 |  740.5 |
        Temple |    263 |    243 |     20 |      0 |    181 |   1 |  263.0 |
         Sewer |    186 |    186 |      0 |      0 |    137 |   1 |  186.0 |
               +--------+--------+--------+--------+--------+-----+--------+

Top non-repeatable levels by time:
     D:4: 1181 daAuts
     D:5: 1106 daAuts
     D:3: 948 daAuts
     D:6: 771 daAuts
     D:1: 740 daAuts
     D:2: 590 daAuts
     D:7: 452 daAuts
  Temple: 263 daAuts
   Sewer: 186 daAuts
     D:8: 133 daAuts
